Map: Lightshade LE

Players

Pumba - Winner!

  • Race: Zerg Zerg
  • League: Silver
  • Spawn Location: 5:00

Kakaluki

  • Race: Terran Terran
  • League: Master
  • Spawn Location: 11:00

VOD

Have the link to the VOD?

Description

Time

  • Played on: July 27, 2021, 6:37 p.m.
  • Length: 9:40
Show
View Real Time Build Order
Export as new Build Order

Pumba Zerg - Winner!

Build Orders: Pool First 

Get SALT Encoding   

  12  0:00  Drone  
  13  0:12  Overlord  
  13  0:20  Drone  
  14  0:31  Drone x2  
  16  0:40  Drone  
  17  0:45  Spawning Pool  
  16  0:53  Drone  
  17  1:09  Hatchery  
  16  1:13  Drone  
  16  1:15  Extractor  
  16  1:22  Drone  
  16  1:24  Drone  
  18  1:30  Drone  
  19  1:33  Queen  
  21  1:40  Overlord  
  21  1:51  Drone  
  22  2:04  Drone  
  23  2:09  Queen  
  25  2:17  Metabolic Boost  
  25  2:21  Drone  
  25  2:22  Drone  
  27  2:23  Overlord  
  27  2:42  Drone x3  
  30  2:49  Drone x4  
  34  2:56  Roach Warren  
  33  3:07  Overlord  
  33  3:09  Overlord  
  33  3:21  Drone x6  
  33  3:22  Drone x2  
  33  3:23  Overlord  
  41  3:30  Zergling x2  
  42  3:51  Drone x7  
  42  3:53  Drone, Overlord  
  50  3:58  Extractor  
  50  3:59  Extractor  
  50  4:00  Extractor  
  50  4:02  Lair  
  47  4:11  Drone x4  
  51  4:28  Roach x8  
  51  4:30  Hatchery  
  66  4:44  Overlord x2  
  65  4:58  Roach x5  
  65  4:59  Overlord  
  75  5:00  Overlord x2  
  75  5:03  Overseer  
  75  5:11  Glial Reconstitution  
  75  5:20  Queen  
  77  5:24  Roach x6  
  89  6:10  Overlord  
  89  6:11  Overlord  
  89  6:12  Roach x7  
  103  6:35  Overseer  
  103  6:40  Roach x4  
  103  6:41  Roach x5  
  99  8:47  Roach x10  
  99  8:48  Overlord x6  
  99  9:02  Hydralisk Den  
  99  9:04  Evolution Chamber  
  99  9:06  Evolution Chamber  
  99  9:12  Extractor  
  99  9:15  Drone x3, Extractor  
  99  9:18  Drone x2  
  99  9:19  Drone  
  99  9:22  Drone x9  
  99  9:23  Drone  
Show
View Real Time Build Order
Export as new Build Order

Kakaluki Terran 

Build Orders:  

Get SALT Encoding   

  12  0:02  SCV  
  13  0:15  Supply Depot  
  13  0:19  SCV  
  14  0:31  SCV  
  15  0:36  Refinery  
  15  0:43  Barracks  
  15  0:55  Supply Depot  
  15  0:59  SCV  
  16  1:11  SCV  
  17  1:24  SCV  
  18  1:30  Marine  
  19  1:42  Factory  
  19  1:44  SCV  
  20  1:48  Marine  
  20  1:53  Refinery  
  21  1:56  SCV  
  22  2:16  Command Center  
  22  2:20  Marine  
  23  2:26  Factory Tech Lab  
  23  2:36  Orbital Command  
  23  2:37  Marine  
  24  2:45  Siege Tank  
  27  3:01  Starport  
  27  3:05  SCV  
  28  3:14  Barracks Reactor  
  28  3:15  Barracks  
  28  3:35  SCV  
  29  3:41  SCV  
  30  3:50  Starport Reactor  
  30  3:53  SCV  
  31  4:02  Barracks Tech Lab  
  31  4:05  SCV  
  32  4:11  Engineering Bay  
  32  4:13  SCV  
  33  4:17  SCV  
  33  4:19  Marine x2  
  33  4:23  Stimpack  
  36  4:25  SCV  
  36  4:27  Siege Tank  
  36  4:29  SCV  
  41  4:42  SCV  
  41  4:43  Marine  
  41  4:44  Marauder  
  41  4:45  Marine  
  46  4:54  Engineering Bay  
  46  5:01  SCV  
  46  5:05  Medivac, Marauder  
  46  5:06  Medivac  
  53  5:14  Supply Depot  
  53  5:15  Supply Depot  
  53  5:27  SCV  
  54  5:39  SCV  
  55  5:46  Marauder, Marine x2  
  59  5:50  Terran Infantry Weapons Level 1  
  59  5:51  SCV  
  59  5:52  Terran Infantry Armor Level 1  
  60  6:04  Marine x2  
  60  6:07  Marauder  
  64  6:16  SCV  
  65  6:21  Marine  
  66  6:28  SCV  
  67  6:34  Refinery  
  67  6:36  Refinery  
  67  6:37  Marine x2  
  67  6:39  Marine  
  70  6:50  Supply Depot x2  
  70  6:55  Marine x2  
  70  6:57  Marine  
  73  7:13  Marine x2  
  54  7:31  Marauder  
  43  7:53  Marauder  
Tags
 
Add a new tag
Caveats
  • Supply blocks, unpowered buildings, or Contaminate may cause inaccurate times.
  • Supply counts are checked every 10 seconds.